 Dungeon Crawl Stone Soup version 0.30.0-29-ga12c61a403 (webtiles) character file.

Game seed: 4337272706695684887

3597 cheesebisquit the Grappler (level 9, -6/87 HPs)
             Began as a Troll Transmuter on June 6, 2023.
             Was a Believer of Wu Jian.
             Succumbed to Amaemon's poison
             ... on level 8 of the Dungeon.
             The game lasted 00:30:05 (7282 turns).

cheesebisquit the Grappler (Troll Transmuter)       Turns: 7282, Time: 00:30:06

Health: -6/87      AC:  4    Str: 20    XL:     9   Next: 85%
Magic:  13/13      EV: 16    Int: 13    God:    Wu Jian [**....]
Gold:   182        SH:  0    Dex: 10    Spells: 5/15 levels left

rFire   . .          .
                       - Unarmed
rCold   . . .        (no shield)
rNeg    . . .        a - +0 robe
rPois   .            A - melded +1 hat
rElec   .            I - scarf {+Inv}
rCorr   .            (gloves unavailable)
SInv    .            (boots unavailable)
Will    .....        (no amulet)
Stlth   +            c - +4 ring of slaying
HPRegen 1.14/turn    m - +5 ring of evasion
MPRegen 0.13/turn

%: no passive effects
@: mighty, lethally poisoned (-6 -> -30), appendages (expiring)
A: horns 2, talons 2, large, unfitting armour, claws 3, regeneration 1, shaggy
fur 1, tough skin 1
a: End Transformation, Renounce Religion, Evoke Invisibility, Wall Jump


You were on level 8 of the Dungeon.
You worshipped Wu Jian.
Wu Jian was pleased with you.
You had temporarily grown beastly horns and talons.
You visited 2 branches of the dungeon, and saw 9 of its levels.

You collected 377 gold pieces.
You spent 195 gold pieces at shops.

Inventory:

Missiles
 e - 4 throwing nets
 k - 8 boomerangs
 l - 4 atropa-tipped darts
 u - 3 large rocks
 B - 6 poisoned darts
Armour
 a - a +0 robe (worn)
 A - a +1 hat (melded)
 I - a scarf of invisibility (worn)
 O - a +0 cloak
Jewellery
 c - a +4 ring of slaying (left claw)
 m - a +5 ring of evasion (right claw)
 r - a ring of poison resistance
 v - a ring of willpower
 G - a +6 ring of intelligence
 L - a ring of magical power
Wands
 t - a wand of paralysis (15)
 y - a wand of roots (19)
Scrolls
 f - 2 scrolls of teleportation
 g - 3 scrolls of noise
 h - a scroll of torment {unknown}
 i - a scroll of blinking
 n - 2 scrolls of fog
 o - 2 scrolls of amnesia {unknown}
 p - a scroll of enchant weapon {unknown}
 q - a scroll of brand weapon {unknown}
 s - a scroll of magic mapping {unknown}
 z - 2 scrolls of poison {unknown}
 E - a scroll of fear
 F - 2 scrolls of silence {unknown}
 H - 2 scrolls of vulnerability {unknown}
Potions
 b - a potion of lignification
 d - 3 potions of mutation
 w - a potion of brilliance
 x - 4 potions of flight
 D - 2 potions of degeneration
 J - a potion of invisibility
 M - a potion of resistance {unknown}
 N - a potion of magic {unknown}


   Skills:
 + Level 4.9 Fighting
 + Level 5.1 Dodging
 * Level 8.9 Unarmed Combat
 + Level 3.6 Spellcasting
 + Level 4.4 Transmutations


You had 5 spell levels left.
You knew the following spells:

 Your Spells              Type           Power      Damage    Failure   Level
a - Beastly Appendage     Tmut           26%        N/A       3%          1
b - Wereblood             Tmut           13%        N/A       5%          2
c - Spider Form           Tmut/Pois      8%         N/A       26%         3
d - Ice Form              Ice/Tmut       8%         N/A       65%         4

Your spell library contained the following spells:

 Spells                   Type           Power      Damage    Failure   Level
 Ignite Poison            Fire/Tmut/Pois 6%         N/A       34%         3
 Sticky Flame             Conj/Fire      2%         2d3       91%         4
 Alistair's Intoxication  Tmut/Pois      5%         N/A       94%         5
 Simulacrum               Ice/Necr       1%         N/A       100%        6
 Ozocubu's Refrigeration  Ice            1%         4d7       100%        7
 Storm Form               Tmut/Air       4%         N/A       100%        7
 Ignition                 Fire           1%         3d3       100%        8
 Polar Vortex             Ice            1%         N/A       100%        9


Dungeon Overview and Level Annotations

Branches:
Dungeon (8/15)             Temple (1/1) D:4
   Lair: D:8-11

Altars:
Ashenzari
Cheibriados
Dithmenos
Elyvilon
Fedhas
Gozag
Kikubaaqudgha
Makhleb
Nemelex Xobeh
Okawaru
Qazlal
Ru
Sif Muna
Trog
Uskayaw
Vehumet
Wu Jian
Zin
The Shining One

Shops:
D:5 ?

Annotations:
D:4 3 runed translucent doors, knightboat's ghost, amateur DrWr
D:7 3 runed translucent doors, GloriousHammer's ghost, novice OgWr
D:8 Amaemon


Innate Abilities, Weirdness & Mutations

You have temporarily grown beastly horns and talons.
You are too large for most types of armour.
You have claws for hands.
Your natural rate of healing is unusually fast.
You are covered in fur. (AC +1)
You have tough skin. (AC +1)


Message History

Something tail-slaps you but does no damage.
You feel much better.
You feel sick. Something hits you!
You are more poisoned.
Something claws you but does no damage. Something tail-slaps you.
Okay, then.
As you read the scroll of teleportation, it crumbles to dust.
You feel strangely unstable.
You feel very sick. Something hits you!
* * * LOW HITPOINT WARNING * * *
You are more poisoned.
Something claws you.
* * * LOW HITPOINT WARNING * * *
Something tail-slaps you but does no damage.
Okay, then.
Something barely misses you. Something claws you.
* * * LOW HITPOINT WARNING * * *
Something tail-slaps you.
* * * LOW HITPOINT WARNING * * *
x2 You feel very sick.
You feel much better.
You feel very sick. Something closely misses you. Something claws you.
* * * LOW HITPOINT WARNING * * *
Something closely misses you.
An ice beast comes into view.
Found 18 gold pieces.
You feel very sick. Something hits you!
* * * LOW HITPOINT WARNING * * *
You are lethally poisoned!
Something claws you but does no damage. Something tail-slaps you!
* * * LOW HITPOINT WARNING * * *
You are more poisoned.
Something poisons you!
A steam dragon comes into view.
Your surroundings suddenly seem different.
A wight and 2 killer bees come into view.
Found a robe.
You die... #####.#.# .# #.#.# . z# .yy

#.#.# .#
. #..
#.#.# .#
..# #....
#. #..
##### #.
.[
.#.######
#........
#@.#
#.....#
#.....#
#######


You could see 2 killer bees and a wight (dormant).

Vanquished Creatures
  Pikel (D:6)
  An orange demon (D:8)
  A yak (D:8)
  A steam dragon (D:7)
  Menkaure (D:7)
  2 water moccasins (D:7)
  Duvessa (D:7)
  2 ice beasts
  4 ogres
  The ghost of Diggabert the Cudgeller, an amateur HuGl (D:3)
  A centaur (D:8)
  4 lemures (D:6)
  A phantom (D:6)
  Blork the orc (D:4)
  3 bullfrogs
  3 scorpions
  4 wights (D:7)
  Dowan (D:7)
  A howler monkey (D:6)
  4 orc priests (D:7)
  A jelly (D:7)
  4 hounds
  2 sleepcaps
  Ijyb (D:3)
  An iguana (D:6)
  Natasha (D:4)
  3 orc wizards
  9 adders
  2 white imps
  A dart slug (D:1)
  A worm (D:2)
  34 orcs
  3 bats
  10 endoplasms
  5 giant cockroaches
  7 goblins
  11 hobgoblins
  2 jackals (D:3)
  A quokka (D:1)
  6 ball pythons
  A frilled lizard (D:1)
  7 kobolds
  4 rats
155 creatures vanquished.

Notes
Turn   | Place    | Note
-------+----------+-------------------------------------------
     0 | D:1      | cheesebisquit the Troll Transmuter began the quest for the
                  | Orb.
     0 | D:1      | Reached XP level 1. HP: 18/18 MP: 1/1
   129 | D:1      | Reached skill level 1 in Fighting
   202 | D:1      | Reached XP level 2. HP: 27/27 MP: 0/2
  1004 | D:2      | Reached XP level 3. HP: 27/33 MP: 1/3
  1669 | D:2      | Learned a level 2 spell: Wereblood
  1782 | D:3      | Reached skill level 4 in Unarmed Combat
  1817 | D:3      | Reached XP level 4. HP: 41/41 MP: 0/4
  2009 | D:3      | Found a runed translucent door.
  2009 | D:3      | Noticed Diggabert's ghost (amateur HuGl)
  2415 | D:3      | Noticed Ijyb
  2416 | D:3      | Paralysed by Ijyb for 3 turns
  2423 | D:3      | Killed Ijyb
  2936 | D:4      | Found a staircase to the Ecumenical Temple.
  2958 | D:4      | Reached XP level 5. HP: 46/49 MP: 3/6
  2970 | Temple   | Entered the Ecumenical Temple
  3151 | Temple   | Learned a level 3 spell: Spider Form
  3168 | Temple   | Became a worshipper of the Wu Jian Council
  3321 | D:4      | Identified the +4 hand axe of Income {freeze, rCorr}
  3365 | D:4      | Found a runed translucent gate.
  3365 | D:4      | Found a runed translucent gate.
  3365 | D:4      | Found a runed translucent gate.
  3558 | D:4      | Noticed knightboat's ghost (amateur DrWr)
  3573 | D:4      | Noticed an ogre
  3584 | D:4      | Killed an ogre
  3585 | D:4      | Reached XP level 6. HP: 57/57 MP: 5/7
  3794 | D:4      | Reached skill level 5 in Unarmed Combat
  3827 | D:4      | Noticed Blork the orc
  3832 | D:4      | Killed Blork the orc
  3898 | D:4      | Noticed Natasha
  3906 | D:4      | Killed Natasha
  3907 | D:4      | Reached XP level 7. HP: 66/66 MP: 6/9
  3912 | D:4      | Learned a level 4 spell: Ice Form
  4142 | D:5      | Entered Level 5 of the Dungeon
  4689 | D:5      | Found Gumanycw's Magic Scroll Shop.
  4692 | D:5      | Bought 2 scrolls of noise for 30 gold pieces
  4692 | D:5      | Bought a scroll of fear for 60 gold pieces
  4692 | D:5      | Bought a scroll of teleportation for 45 gold pieces
  4692 | D:5      | Bought a scroll of identify for 30 gold pieces
  4692 | D:5      | Bought a scroll of identify for 30 gold pieces
  4774 | D:5      | Reached * piety under Wu Jian
  4982 | D:3      | Killed Diggabert's ghost
  4983 | D:3      | Reached skill level 6 in Unarmed Combat
  4988 | D:3      | Got Otodiurgh's Elucidation of Intoxicating Composition
  5019 | D:3      | Identified the staff of cold "Ymujerch" {rC+ Will++ Str+7}
  5165 | D:6      | Noticed Pikel
  5221 | D:6      | Killed Pikel
  5222 | D:6      | Reached XP level 8. HP: 38/75 MP: 8/10
  5288 | D:6      | Reached skill level 7 in Unarmed Combat
  5683 | D:6      | Found a glowing golden altar of the Shining One.
  5683 | D:6      | Found a bloodstained altar of Trog.
  5683 | D:6      | Found a sacrificial altar of Ru.
  6041 | D:7      | Noticed GloriousHammer's ghost (novice OgWr)
  6044 | D:7      | Noticed a hornet
  6047 | D:7      | Found a runed translucent gate.
  6047 | D:7      | Found a runed translucent gate.
  6047 | D:7      | Noticed a slime creature
  6098 | D:7      | Noticed Duvessa
  6099 | D:7      | Noticed Dowan
  6106 | D:7      | Killed Duvessa
  6108 | D:7      | Killed Dowan
  6169 | D:7      | Reached XP level 9. HP: 78/84 MP: 10/12
  6331 | D:7      | Reached ** piety under Wu Jian
  6406 | D:7      | Reached skill level 8 in Unarmed Combat
  6487 | D:7      | Found a runed translucent gate.
  6581 | D:7      | Noticed Menkaure
  6583 | D:7      | Killed Menkaure
  6869 | D:8      | Noticed Amaemon
  7261 | D:8      | Noticed an orange demon
  7265 | D:8      | Killed an orange demon
  7266 | D:8      | Reached skill level 5 in Dodging
  7279 | D:8      | HP: 1/87 [poisoned by Amaemon]
  7282 | D:8      | Succumbed to Amaemon's poison

Illustrated notes

Levels and vault maps discovered:
D:1:      lightli_arrival_noodles, layout_basic
D:2:      layout_loops_ring
D:3:      layout_basic, ebering_ghost_inner_flame,
          chequers_serial_rivers_small_3, uniq_ijyb
D:4:      layout_basic, minmay_temple_entry_slanted, gammafunk_ghost_icy,
          minmay_pentangle, uniq_natasha, uniq_blork_the_orc
D:5:      corexii_shack_village, layout_loops_ring, serial_shops,
          kennysheep_mini
D:6:      layout_basic, gammafunk_temple_overflow_claw, nicolae_eternal_life,
          uniq_pikel
D:7:      layout_loops_ring, gammafunk_ghost_split, uniq_menkaure, uniq_duvessa
D:8:      minmay_the_grid_four_pointed_star
          [minmay_the_grid_triangle_9x9_pentomino_pain,
          minmay_the_grid_triangle_9x9_negative_grid,
          minmay_the_grid_triangle_9x9_empty,
          minmay_the_grid_triangle_9x9_thin_v, minmay_the_grid_prize_big_room],
          layout_loops_ring, old_standard_altar, grunt_lair_entry_orc_guard_hut,
          uniq_amaemon
Temple:   nicolae_temple_slightly_damp_pantheon

Skill      XL: |  1  2  3  4  5  6  7  8  9 |
---------------+----------------------------+-----
Fighting       | 1 2 3 4 |  4.9
Dodging        | 2 3 4 5 |  5.1
Unarmed Combat | 4 5 6 7 8 |  8.9
Transmutations | 2 3 4 |  4.4
Spellcasting   | 2 3 |  3.6

Action                     |  1- 3 |  4- 6 |  7- 9 || total
---------------------------+-------+-------+-------++-------
  Melee: Unarmed           |    65 |    70 |   170 ||   305
         Kick              |    14 |     8 |    43 ||    65
         Headbutt          |     8 |     7 |    26 ||    41
         Punch             |       |       |    11 ||    11
  Throw: Dart              |       |     2 |       ||     2
         Throwing net      |       |     2 |       ||     2
   Cast: Beastly Appendage |    30 |    22 |    38 ||    90
Ability: Lunge             |       |     1 |     9 ||    10
         Whirlwind         |       |       |     3 ||     3
    Use: Scroll            |       |     2 |     9 ||    11
         Potion            |       |       |     8 ||     8
   Stab: Held in net/web   |       |     1 |       ||     1
 Armour: Robe              |    22 |    11 |    14 ||    47
  Dodge: Dodged            |    31 |    47 |    78 ||   156
